 Dungeon Crawl Stone Soup version 0.30-a0-335-ge5acde7520 (webtiles) character file.

Game seed: 6085414456060472153

25569 billz999 the Skirmisher (level 13, -8/98 (101) HPs)
             Began as a Gnoll Hunter on Oct 31, 2022.
             Was an Elder of Kikubaaqudgha.
             Mangled by a komodo dragon (27 damage)
             ... on level 5 of the Lair of Beasts.
             The game lasted 00:34:33 (16480 turns).

billz999 the Skirmisher (Gnoll Hunter)             Turns: 16480, Time: 00:34:34

HP:   -8/98 (101)   AC: 13    Str: 12    XL:     13   Next: 20%
MP:   34/34         EV: 16    Int:  8    God:    Kikubaaqudgha [****..]
Gold: 286           SH:  0    Dex: 20    Spells: 17/28 levels left

rFire   . . .      SeeInvis +    a - +4 arbalest
rCold   . . .      Faith    .    (shield currently unavailable)
rNeg    . . .      Spirit   .    B - +0 swamp dragon scales
rPois   +          Reflect  .    e - +0 helmet
rElec   .          Harm     .    K - +0 cloak
rCorr   .          Rampage  .    (no gloves)
Will    .....                    t - +0 pair of boots
Stlth   ++++......               (no amulet)
HPRegen 0.36/turn                k - ring of magical power
MPRegen 0.24/turn                q - ring of see invisible

@: lightly drained
A: fangs 1, strong nose, distributed training
a: Renounce Religion, Unearth Wretches


You were on level 5 of the Lair of Beasts.
You worshipped Kikubaaqudgha.
Kikubaaqudgha was greatly pleased with you.
You visited 3 branches of the dungeon, and saw 16 of its levels.
You also visited: Ossuary.

You collected 844 gold pieces.
You spent 558 gold pieces at shops.

Inventory:

Hand Weapons
 a - a +4 arbalest (weapon)
 j - a +0 shortbow
 m - a +3 dagger
 n - a +0 dagger of speed
 J - a +4 dagger of freezing
Missiles
 d - 46 poisoned darts
Armour
 c - a +1 leather armour
 e - a +0 helmet (worn)
 t - a +0 pair of boots (worn)
 B - +0 swamp dragon scales (worn)
 K - a +0 cloak (worn)
Jewellery
 k - a ring of magical power (left hand)
 q - a ring of see invisible (right hand)
 z - a ring of poison resistance
 N - a +6 ring of intelligence
Wands
 L - a wand of flame (24)
 P - a wand of polymorph (6)
Scrolls
 b - 7 scrolls of immolation
 f - 12 scrolls of teleportation
 o - 4 scrolls of enchant armour
 p - 2 scrolls of blinking
 u - a scroll of fear
 y - 6 scrolls of identify
 D - 4 scrolls of poison
 F - 2 scrolls of amnesia
 G - a scroll of silence
 H - a scroll of vulnerability
 I - 2 scrolls of butterflies
 O - 3 scrolls of enchant weapon
Potions
 g - 3 potions of lignification
 h - 3 potions of might {unknown}
 i - 12 potions of curing
 l - 5 potions of brilliance {unknown}
 r - a potion of resistance {unknown}
 s - 2 potions of haste {unknown}
 v - 2 potions of mutation {unknown}
 w - 2 potions of magic {unknown}
 x - 3 potions of flight {unknown}
 A - a potion of invisibility {unknown}
 C - 2 potions of cancellation {unknown}
 E - 3 potions of heal wounds {unknown}
 M - a potion of experience {unknown}


   Skills:
 + Level 9.6 Fighting
 + Level 8.4 Short Blades
 + Level 8.4 Long Blades
 + Level 8.4 Axes
 + Level 8.4 Maces & Flails
 + Level 8.4 Polearms
 + Level 8.4 Staves
 + Level 11.9 Ranged Weapons
 + Level 8.4 Throwing
 + Level 8.4 Armour
 + Level 9.6 Dodging
 + Level 8.7 Stealth
 + Level 8.4 Shields
 + Level 8.4 Unarmed Combat
 + Level 8.4 Spellcasting
 + Level 7.0 Conjurations
 + Level 7.0 Hexes
 + Level 7.0 Summonings
 + Level 7.0 Necromancy
 + Level 7.0 Translocations
 + Level 7.0 Transmutations
 + Level 7.0 Fire Magic
 + Level 7.0 Ice Magic
 + Level 7.0 Air Magic
 + Level 7.0 Earth Magic
 + Level 7.0 Poison Magic
 + Level 9.2 Invocations
 + Level 8.4 Evocations


You had 17 spell levels left.
You knew the following spells:

 Your Spells              Type           Power      Damage    Failure   Level
a - Borgnjor's Vile Clut  Necr/Erth      7%         N/A       50%         5
b - Anguish               Hex/Necr       7%         N/A       21%         4
c - Blink                 Tloc           28%        N/A       3%          2

Your spell library contained the following spells:

 Spells                   Type           Power      Damage    Failure   Level
 Foxfire                  Conj/Fire      56%        2x1d6     1%          1
 Kiss of Death            Conj/Necr      56%        2d9       1%          1
 Necrotise                Necr           56%        1d6       1%          1
 Cigotuvi's Dreadful Rot  Necr/Pois/Air  28%        N/A       3%          2
 Momentum Strike          Conj/Tloc      28%        3d8       3%          2
 Lesser Beckoning         Tloc           28%        N/A       6%          3
 Ozocubu's Armour         Ice            14%        N/A       6%          3
 Animate Dead             Necr           14%        N/A       21%         4
 Dispel Undead            Necr           14%        3d10      21%         4
 Agony                    Necr           14%        N/A       50%         5
 Alistair's Intoxication  Tmut/Pois      9%         N/A       50%         5
 Fireball                 Conj/Fire      7%         3d5       50%         5
 Metabolic Englaciation   Hex/Ice        7%         N/A       50%         5
 Death Channel            Necr           7%         N/A       97%         6
 Eringya's Noxious Bog    Tmut/Pois      7%         N/A       97%         6
 Simulacrum               Ice/Necr       7%         N/A       97%         6
 Starburst                Conj/Fire      7%         6d4       97%         6


Dungeon Overview and Level Annotations

Branches:
Dungeon (10/15)            Temple (1/1) D:7            Lair (5/5) D:10
  Swamp (0/4) Lair:2        Snake (0/4) Lair:2          Orc (0/2) D:9
Ossuary (visited)
  Slime: Lair:4-5

Altars:
Ashenzari
Cheibriados
Dithmenos
Elyvilon
Fedhas
Gozag
Hepliaklqana
Kikubaaqudgha
Makhleb
Nemelex Xobeh
Okawaru
Qazlal
Ru
Sif Muna
Trog
Uskayaw
Vehumet
Wu Jian
Xom
Yredelemnul
Zin
The Shining One

Shops:
D:1 =   D:4 [[:::=   D:7 *   D:8 (

Portals:
Trove: D:10 (show abyssal rune of Zot)

Annotations:
D:5 3 runed translucent doors, Darkkill's ghost, amateur MiHu; bande's ghost, novice HOFi; kd29's ghost, amateur TrTm; lunkers's ghost, amateur MeIE
D:6 2 transporters


Innate Abilities, Weirdness & Mutations

You have very sharp teeth.
Your uncanny sense of smell can sniff out nearby items.
Your experience applies equally to all skills.


Message History

There is a stone staircase leading up here.
The yak closely misses you.
You climb upwards.
There is a stone staircase leading down here.
You shoot a bolt. The bolt hits the yak!
The yak is moderately wounded.
The yak closely misses you. The yak gores you!
You shoot a bolt. The bolt barely misses the yak.
The yak closely misses you.
You shoot a bolt. The bolt hits the yak!!
The yak is almost dead.
The yak gores you but does no damage. The yak gores you!
You shoot a bolt. The bolt hits the yak!!
You kill the yak!
Kikubaaqudgha accepts your kill.
No target in view!
You climb downwards.
The komodo dragon bites you but does no damage.
There is a stone staircase leading up here.
You shoot a bolt.
The bolt barely misses the komodo dragon.
The komodo dragon bites you!!
You shoot a bolt. The bolt hits the komodo dragon!!
The komodo dragon is heavily wounded.
The komodo dragon barely misses you.
The komodo dragon completely misses you.
You shoot a bolt. The bolt hits the komodo dragon.
The komodo dragon is heavily wounded.
The komodo dragon bites you!
You shoot a bolt. The bolt hits the komodo dragon.
The komodo dragon is severely wounded.
The komodo dragon bites you!!
* * * LOW HITPOINT WARNING * * *
The komodo dragon bites you!
* * * LOW HITPOINT WARNING * * *
You shoot a bolt.
The bolt hits the komodo dragon but does no damage.
The komodo dragon is severely wounded.
The komodo dragon bites you!!
You die...
Kikubaaqudgha rasps: "You have failed me!
Welcome... death!"

.... .... .....
# ..... ..
...... #...
......####.....
...............
#.@l.....#
..........#.##.
.....###.#...
.... .. ....
... ... ... ..
∆ .... .. .
....P # ....P.


You could see a komodo dragon.

Vanquished Creatures
  Kirke (Lair:3)
  2 hydras
  A boulder beetle (Lair:4)
  2 two-headed ogres (D:9)
  A wolf spider (Lair:1)
  4 elephants
  2 black mambas
  A torpor snail (Lair:4)
  5 cane toads
  Maggie (D:6)
  A rime drake (Lair:4)
  2 kobold demonologists (D:9)
  8 komodo dragons
  A troll (D:10)
  A polar bear (Lair:4)
  A hornet (D:8)
  Prince Ribbit (D:9)
  8 blink frogs
  A wraith (D:10)
  25 yaks
  3 wyverns
  2 hogs
  A basilisk (Lair:1)
  A steam dragon (D:8)
  Menkaure (D:6)
  4 nagas (Lair:2)
  6 water moccasins
  An orc warrior (D:10)
  2 ice beasts
  2 black bears
  42 wolves
  A phantom (D:5)
  4 kobold brigands
  7 bullfrogs
  2 scorpions
  4 wights (D:7)
  4 killer bees (D:10)
  4 electric eels (Lair:1)
  5 howler monkeys
  A centaur zombie (Ossuary)
  Crazy Yiuf (D:7)
  2 gnoll boudas
  2 hounds
  A jelly (D:5)
  2 human zombies (Ossuary)
  2 orc priests (D:6)
  An iguana (D:5)
  9 orc wizards
  2 hell rats (Lair:4)
  5 mummies (Ossuary)
  7 gnolls
  9 adders
  5 river rats (Lair:4)
  A shadow imp (D:5)
  2 white imps (D:6)
  3 worms
  3 dart slugs
  35 orcs
  8 endoplasms
  4 giant cockroaches
  2 hobgoblins
  3 jackals (D:2)
  4 quokkas
  8 ball pythons
  9 bats
  3 frilled lizards
  10 goblins
  20 kobolds
  3 kobold zombies (Ossuary)
  2 orc zombies (Ossuary)
  9 rats
343 creatures vanquished.

Vanquished Creatures (collateral kills)
  An endoplasm (D:2)
1 creature vanquished.

Vanquished Creatures (others)
  A human (Lair:3)
  22 fungi
  25 plants
  2 withered plants (D:5)
50 creatures vanquished.

Grand Total: 394 creatures vanquished

Notes
Turn   | Place    | Note
-------+----------+-------------------------------------------
     0 | D:1      | billz999 the Gnoll Hunter began the quest for the Orb.
     0 | D:1      | Reached XP level 1. HP: 20/20 MP: 1/1
    54 | D:1      | Found Dueq's Jewellery Shoppe.
   116 | D:1      | Reached XP level 2. HP: 18/26 MP: 2/2
  1251 | D:2      | Reached XP level 3. HP: 18/31 MP: 4/4
  1252 | D:2      | Reached skill level 1 in Invocations
  1404 | D:2      | Reached skill level 1 in Short Blades
  1404 | D:2      | Reached skill level 1 in Long Blades
  1404 | D:2      | Reached skill level 1 in Axes
  1404 | D:2      | Reached skill level 1 in Maces & Flails
  1404 | D:2      | Reached skill level 1 in Polearms
  1404 | D:2      | Reached skill level 1 in Staves
  1404 | D:2      | Reached skill level 1 in Throwing
  1404 | D:2      | Reached skill level 1 in Armour
  1404 | D:2      | Reached skill level 1 in Shields
  1404 | D:2      | Reached skill level 1 in Unarmed Combat
  1404 | D:2      | Reached skill level 1 in Spellcasting
  1404 | D:2      | Reached skill level 1 in Evocations
  1474 | D:2      | Reached XP level 4. HP: 38/38 MP: 5/5
  1493 | D:2      | Reached skill level 1 in Conjurations
  1493 | D:2      | Reached skill level 1 in Hexes
  1493 | D:2      | Reached skill level 1 in Summonings
  1493 | D:2      | Reached skill level 1 in Necromancy
  1493 | D:2      | Reached skill level 1 in Translocations
  1493 | D:2      | Reached skill level 1 in Transmutations
  1493 | D:2      | Reached skill level 1 in Fire Magic
  1493 | D:2      | Reached skill level 1 in Ice Magic
  1493 | D:2      | Reached skill level 1 in Air Magic
  1493 | D:2      | Reached skill level 1 in Earth Magic
  1493 | D:2      | Reached skill level 1 in Poison Magic
  1677 | D:2      | Reached XP level 5. HP: 43/43 MP: 7/7
  1878 | D:3      | Noticed an ice beast
  1904 | D:3      | Killed an ice beast
  2055 | D:3      | Reached XP level 6. HP: 50/50 MP: 8/8
  2179 | D:3      | Found a faded altar of an unknown god.
  2298 | D:3      | Reached skill level 5 in Fighting
  2298 | D:3      | Reached skill level 5 in Dodging
  3162 | D:4      | Found Biralitz's Jewellery Shoppe.
  3271 | D:4      | Found Xusunud Ako's Armour Boutique.
  3276 | D:4      | Bought a +0 pair of boots for 54 gold pieces
  3323 | D:4      | Found Muemodgh's Book Shop.
  3419 | D:4      | Found Toykk's Self-Improvement Boutique.
  3463 | D:4      | Found Doreomahe's Book Shoppe.
  3517 | D:4      | Found Bisucwa's Antique Armour Emporium.
  3591 | D:4      | Found a sand-covered staircase.
  3596 | Ossuary  | Entered an ossuary
  3685 | Ossuary  | Reached XP level 7. HP: 56/56 MP: 10/10
  3811 | D:5      | Entered Level 5 of the Dungeon
  4042 | D:5      | Reached skill level 9 in Ranged Weapons
  4125 | D:5      | Found a runed translucent gate.
  4127 | D:5      | Found a runed translucent gate.
  4128 | D:5      | Found a runed translucent gate.
  4129 | D:5      | Noticed bande's ghost (novice HOFi)
  4130 | D:5      | Noticed Darkkill's ghost (amateur MiHu)
  4130 | D:5      | Noticed kd29's ghost (amateur TrTm)
  4130 | D:5      | Noticed lunkers's ghost (amateur MeIE)
  4373 | D:5      | Found an iron altar of Okawaru.
  4376 | D:5      | Found a shimmering blue altar of Sif Muna.
  4381 | D:5      | Found a white marble altar of Elyvilon.
  4530 | D:6      | Noticed Maggie
  4541 | D:6      | Killed Maggie
  4542 | D:6      | Reached XP level 8. HP: 52/63 MP: 12/12
  5053 | D:6      | Found a transporter.
  5056 | D:6      | Noticed an orc high priest
  5087 | D:6      | Noticed a kobold demonologist
  5169 | D:6      | Noticed Menkaure
  5174 | D:6      | Killed Menkaure
  5275 | D:6      | Found a transporter.
  5549 | D:7      | Reached XP level 9. HP: 69/69 MP: 14/14
  5557 | D:7      | Identified the +5 mace "Neodgh" {vorpal, rF+ Will+}
  5763 | D:7      | Identified the +0 leather armour of Ynyebeplyipt {Contam
                  | Rampage Will++ Regen+}
  5798 | D:7      | Found Becyhuf's Assorted Antiques.
  5947 | D:7      | Found a staircase to the Ecumenical Temple.
  5957 | Temple   | Entered the Ecumenical Temple
  5988 | Temple   | Became a worshipper of Kikubaaqudgha
  6167 | D:7      | Found a runed translucent door.
  6168 | D:7      | Noticed Crazy Yiuf
  6293 | D:7      | Killed Crazy Yiuf
  6380 | D:8      | Noticed a hornet
  6382 | D:8      | Killed a hornet
  6383 | D:8      | Reached skill level 5 in Stealth
  6718 | D:8      | Found Hayffagg's Antique Weapon Shoppe.
  6748 | D:8      | Reached skill level 5 in Invocations
  7363 | D:9      | Noticed Prince Ribbit
  7372 | D:9      | Killed Prince Ribbit
  7444 | D:9      | Noticed a two-headed ogre
  7449 | D:9      | Killed a two-headed ogre
  7450 | D:9      | Reached skill level 5 in Short Blades
  7450 | D:9      | Reached skill level 5 in Long Blades
  7450 | D:9      | Reached skill level 5 in Axes
  7450 | D:9      | Reached skill level 5 in Maces & Flails
  7450 | D:9      | Reached skill level 5 in Polearms
  7450 | D:9      | Reached skill level 5 in Staves
  7450 | D:9      | Reached skill level 10 in Ranged Weapons
  7450 | D:9      | Reached skill level 5 in Throwing
  7450 | D:9      | Reached skill level 5 in Armour
  7450 | D:9      | Reached skill level 5 in Shields
  7450 | D:9      | Reached skill level 5 in Unarmed Combat
  7450 | D:9      | Reached skill level 5 in Spellcasting
  7450 | D:9      | Reached skill level 5 in Evocations
  7450 | D:9      | Reached XP level 10. HP: 79/79 MP: 17/17
  7471 | D:9      | Noticed a kobold demonologist
  7472 | D:9      | Noticed a kobold demonologist
  7473 | D:9      | Reached * piety under Kikubaaqudgha
  7473 | D:9      | Received a gift from Kikubaaqudgha
  7474 | D:9      | Killed a kobold demonologist
  7479 | D:9      | Killed a kobold demonologist
  7516 | D:9      | Noticed a two-headed ogre
  7522 | D:9      | Killed a two-headed ogre
  7547 | D:9      | Found a staircase to the Orcish Mines.
  7772 | D:10     | Entered Level 10 of the Dungeon
  7806 | D:10     | Found a staircase to the Lair.
  7880 | D:10     | Found a portal to a secret trove of treasure.
  8766 | Lair:1   | Entered Level 1 of the Lair of Beasts
  8859 | Lair:1   | Reached skill level 5 in Conjurations
  8859 | Lair:1   | Reached skill level 5 in Hexes
  8859 | Lair:1   | Reached skill level 5 in Summonings
  8859 | Lair:1   | Reached skill level 5 in Necromancy
  8859 | Lair:1   | Reached skill level 5 in Translocations
  8859 | Lair:1   | Reached skill level 5 in Transmutations
  8859 | Lair:1   | Reached skill level 5 in Fire Magic
  8859 | Lair:1   | Reached skill level 5 in Ice Magic
  8859 | Lair:1   | Reached skill level 5 in Air Magic
  8859 | Lair:1   | Reached skill level 5 in Earth Magic
  8859 | Lair:1   | Reached skill level 5 in Poison Magic
  8859 | Lair:1   | Reached XP level 11. HP: 85/85 MP: 20/20
  8976 | Lair:1   | Reached ** piety under Kikubaaqudgha
  8978 | Lair:1   | Noticed a wolf spider
  9025 | Lair:1   | Killed a wolf spider
 10341 | Lair:2   | Reached *** piety under Kikubaaqudgha
 10341 | Lair:2   | Received a gift from Kikubaaqudgha
 10342 | Lair:2   | Reached skill level 11 in Ranged Weapons
 10430 | Lair:2   | Found a staircase to the Swamp.
 10432 | Lair:2   | Found a staircase to the Snake Pit.
 10519 | Lair:2   | Reached XP level 12. HP: 57/94 MP: 22/22
 11157 | Lair:3   | Noticed a four-headed hydra
 11228 | Lair:3   | Noticed a seven-headed hydra
 11246 | Lair:2   | Learned a level 5 spell: Borgnjor's Vile Clutch
 11251 | Lair:2   | Learned a level 4 spell: Anguish
 11254 | Lair:2   | Learned a level 2 spell: Blink
 11324 | Lair:2   | Killed a four-headed hydra
 11800 | Lair:3   | Reached **** piety under Kikubaaqudgha
 11858 | Lair:3   | Noticed Kirke
 12211 | Lair:3   | Killed a seven-headed hydra
 12339 | Lair:3   | Killed Kirke
 14503 | Lair:4   | Reached XP level 13. HP: 101/101 MP: 25/25
 14722 | Lair:4   | You fall into a shaft and drop 1 floor!
 14722 | Lair:5   | Entered Level 5 of the Lair of Beasts
 15087 | D:1      | Bought a +6 ring of intelligence for 504 gold pieces
 16480 | Lair:5   | Mangled by a komodo dragon

Illustrated notes

Levels and vault maps discovered:
D:1:      dpeg_arrival_connections, layout_basic, serial_shops, shop
D:2:      layout_rooms, minmay_tromino_v7
D:3:      minmay_thinvault, layout_loops_corners, shapermc_ecumenical_altar_gd,
          serial_rivers, chequers_serial_rivers_micro_b,
          chequers_serial_rivers_micro_b, chequers_serial_rivers_micro_e,
          chequers_serial_rivers_micro_d, chequers_serial_rivers_small_3,
          corexii_corridor_pit
D:4:      layout_cave_pools, serial_shops, nicolae_diamond_shop, shop,
          kennysheep_mini, nicolae_shop_crystal, kennysheep_little_box,
          enter_ossuary_5, nicolae_shop_self_help
D:5:      layout_loops_ring, grunt_temple_overflow_diamond,
          gammafunk_ghost_cemetery, minmay_holes
D:6:      gammafunk_wand_slinger, layout_gridville,
          corexii_item_surrounded_by_moat, uniq_maggie, uniq_menkaure
D:7:      layout_loops_cross, temple_statues, serial_shops,
          nicolae_stop_n_shop_2, serial_aquarium, aquarium_bridge_square
          [aquarium_subvault_window, aquarium_subvault_bridge,
          aquarium_subvault_wall, aquarium_subvault_wall], aquarium_window_3,
          aquarium_window_2, aquarium_window_1, aquarium_window_1,
          aquarium_view_4, kennysheep_generic_room_8, uniq_crazy_yiuf_cottage
D:8:      layout_loops_ring, serial_shops, shop, abandoned_shop
D:9:      layout_roguey, david_orc_3, uniq_prince_ribbit1
D:10:     minmay_klotski, layout_loops_ring, lair_entry_dummy,
          nicolae_trove_entry_diagonal, uniq_joseph
Temple:   hellmonk_temple_of_storms
Lair:1:   layout_chaotic_city, serial_bayou, serial_bayou_crossing,
          serial_bayou_pond_d, serial_bayou_lake_a, serial_bayou_shore_a,
          serial_bayou_pond_e, serial_bayou_pond_e,
          nicolae_lair_run_with_the_wolves
Lair:2:   layout_gridlike, swamp_mist, minmay_snake_entry_guardpost_small,
          grunt_megastairs_5
Lair:3:   layout_cave_pods, grunt_forest_large_clearings, uniq_kirke
Lair:4:   layout_loops_ring, kennysheep_rathole
Lair:5:   grunt_lair_end_beastmaster, layout_gridlike, slime_entry_1,
          grunt_megastairs_4, uniq_urug

Skill      XL: |  1  2  3  4  5  6  7  8  9 10 11 12 13 |
---------------+----------------------------------------+-----
Invocations    | 1 2 3 4 5 6 7 8 9 |  9.2
Short Blades   | 1 2 3 5 6 7 8 |  8.4
Long Blades    | 1 2 3 5 6 7 8 |  8.4
Axes           | 1 2 3 5 6 7 8 |  8.4
Maces & Flails | 1 2 3 5 6 7 8 |  8.4
Polearms       | 1 2 3 5 6 7 8 |  8.4
Staves         | 1 2 3 5 6 7 8 |  8.4
Throwing       | 1 2 3 5 6 7 8 |  8.4
Armour         | 1 2 3 5 6 7 8 |  8.4
Shields        | 1 2 3 5 6 7 8 |  8.4
Unarmed Combat | 1 2 3 5 6 7 8 |  8.4
Spellcasting   | 1 2 3 5 6 7 8 |  8.4
Evocations     | 1 2 3 5 6 7 8 |  8.4
Conjurations   | 1 2 3 4 5 6 7 |  7.0
Hexes          | 1 2 3 4 5 6 7 |  7.0
Summonings     | 1 2 3 4 5 6 7 |  7.0
Necromancy     | 1 2 3 4 5 6 7 |  7.0
Translocations | 1 2 3 4 5 6 7 |  7.0
Transmutations | 1 2 3 4 5 6 7 |  7.0
Fire Magic     | 1 2 3 4 5 6 7 |  7.0
Ice Magic      | 1 2 3 4 5 6 7 |  7.0
Air Magic      | 1 2 3 4 5 6 7 |  7.0
Earth Magic    | 1 2 3 4 5 6 7 |  7.0
Poison Magic   | 1 2 3 4 5 6 7 |  7.0
Stealth        | 3 4 5 6 7 8 |  8.7
Fighting       | 5 6 7 8 9 |  9.6
Dodging        | 5 6 7 8 9 |  9.6
Ranged Weapons | 9 10 11 | 11.9

Action                   |  1- 3 |  4- 6 |  7- 9 | 10-12 | 13-15 || total
-------------------------+-------+-------+-------+-------+-------++-------
Melee: Dagger            |       |       |       |     1 |       ||     1
 Fire: Shortbow          |    36 |       |       |       |       ||    36
       Arbalest          |    34 |   149 |   199 |   493 |   103 ||   978
Throw: Dart              |     3 |       |       |       |       ||     3
 Cast: Blink             |       |       |       |    17 |     5 ||    22
       Anguish           |       |       |       |     5 |     1 ||     6
Evoke: Wand              |       |       |     8 |    22 |       ||    30
  Use: Scroll            |     1 |    12 |     2 |     3 |     1 ||    19
       Potion            |       |       |     1 |     1 |       ||     2
 Stab: Paralysed         |       |       |       |     1 |       ||     1
Armor: Leather armour    |     8 |    20 |     6 |       |       ||    34
       Swamp dragon scal |       |       |    33 |   178 |    22 ||   233
Dodge: Dodged            |    15 |    53 |   102 |   413 |    57 ||   640

Table legend: (Time is in decaauts)
 A = Elapsed time spent in this place.
 B = Non-inter-level travel time spent in this place.
 C = Inter-level travel time spent in this place.
 D = Time resting spent in this place.
 E = Time spent auto-exploring this place.
 F = Levels seen in this place.
 G = Mean time per level.
                   A        B        C        D        E       F      G
               +--------+--------+--------+--------+--------+-----+--------+
         Total |  17053 |  15753 |   1300 |   2057 |  11219 |  17 | 1003.1 |
       Dungeon |   9106 |   8327 |    779 |    100 |   7138 |  10 |  910.6 |
        Temple |     41 |     27 |     14 |      0 |     11 |   1 |   41.0 |
          Lair |   7683 |   7177 |    506 |   1957 |   3999 |   5 | 1536.6 |
       Ossuary |    221 |    221 |      0 |      0 |     71 |   1 |  221.0 |
               +--------+--------+--------+--------+--------+-----+--------+

Top non-repeatable levels by time:
  Lair:3: 3013 daAuts
  Lair:4: 1893 daAuts
  Lair:1: 1574 daAuts
     D:3: 1372 daAuts
  Lair:2: 1176 daAuts
     D:1: 1143 daAuts
    D:10: 1050 daAuts
     D:7: 1044 daAuts
     D:5: 827 daAuts
     D:8: 803 daAuts
     D:6: 788 daAuts
     D:2: 744 daAuts
     D:9: 714 daAuts
     D:4: 617 daAuts
 Ossuary: 221 daAuts
